 Dungeon Crawl Stone Soup version 0.14.0-12-g87ee3b7 (console) character file.

106 xw the Chopper (level 4, -2/39 HPs)
             Began as a Minotaur Fighter on Apr 16, 2014.
             Was an Initiate of Cheibriados.
             Killed from afar by Sigmund (3 damage)
             ... with a magic dart
             ... on Level 2 of the Dungeon.
             The game lasted 00:00:34 (1399 turns).

xw the Chopper (Minotaur Fighter)                   Turns: 1399, Time: 00:00:34

HP  -2/39        AC  6     Str 23      XL: 4   Next: 44%
MP   2/2         EV  7     Int  6      God: Cheibriados [......]
Gold 8           SH 19     Dex 10      Spells:  0 memorised,  3 levels left

rFire  . . .     SeeInvis .     Y - +0 war axe {mapnotes,}
rCold  . . .     Clarity  .     b - +0 scale mail
rNeg   . . .     Conserve .     c - +0 shield
rPois  .         rCorr    .     (helmet restricted)
rElec  .         rRot     .     (no cloak)
SustAb . .       Spirit   .     (no gloves)
rMut   .         Warding  .     (no boots)
Saprov . . .     Stasis   .     (no amulet)
MR     .....                    (no ring)
                                (no ring)

@: very slow, not resistant to hostile enchantments, extremely unstealthy
A: retaliatory headbutt, horns 2
a: Bend Time, Renounce Religion


You were on level 2 of the Dungeon.
You worshipped Cheibriados.
Cheibriados was noncommittal.
You were not hungry.

You visited 1 branch of the dungeon, and saw 2 of its levels.

You collected 8 gold pieces.

Inventory:

Hand weapons
 Y - a +0,+0 war axe (weapon) {mapnotes,}
Armour
 b - a +0 scale mail (worn)
 c - a +0 shield (worn)
 h - a +1 chain mail
 o - a +1 pair of boots
Comestibles
 d - 2 bread rations
 f - a chunk of adder flesh
 l - a choko
 n - a pear
Scrolls
 a - 2 scrolls of remove curse
 i - a scroll of enchant weapon II {unknown}
 j - a scroll of blinking
Potions
 e - a potion of might
 g - a potion of beneficial mutation {unknown}
 k - a potion of poison {unknown}
 m - a potion of curing


   Skills:
 - Level 3.6 Fighting
 * Level 5.7 Axes
 - Level 3.6 Armour
 - Level 3.6 Shields


You had 3 spell levels left.
You didn't know any spells.

Dungeon Overview and Level Annotations

Branches:
Dungeon (2/15)

Altars:
Cheibriados
Kikubaaqudgha
The Shining One

Annotations:
D:2 Sigmund


Innate Abilities, Weirdness & Mutations

You reflexively headbutt those who attack you in melee.
You have a pair of horns on your head.


Message History

1348 ||| turn
1348 ||| turn Sigmund casts a spell.
Sigmund mumbles some strange words.
1385 ||| turn
1386 ||| turn
1387 ||| turn
1388 ||| turn
1389 ||| turn
1389 ||| Invisible monster
1390 ||| turn
1391 ||| turn
1392 ||| turn
1393 ||| turn
1394 ||| turn
1395 ||| turn
1396 ||| turn
1397 ||| turn
1398 ||| turn
1399 ||| turn You die...

#######
#.....#
#.....#####
#...........
#..H..#
##.....####
#.........#
#.##.####.#
#.##.# #
#.##.##
#.##..## #
#.###..##.#
#.........##


There were no monsters in sight!

Vanquished Creatures
  3 adders (D:2)
  3 gnolls (D:2)
  3 giant geckos (D:1)
  8 bats
  8 goblins
  A hobgoblin (D:1)
  6 jackals
  A ball python (D:1)
  2 giant newts (D:1)
  3 kobolds (D:1)
  5 rats
43 creatures vanquished.

Notes
Turn   | Place    | Note
--------------------------------------------------------------
     0 | D:1      | xw, the Minotaur Fighter, began the quest for the Orb.
     0 | D:1      | Reached XP level 1. HP: 19/19 MP: 1/1
    30 | D:1      | Fleeing towards (0,-1) corridor
   132 | D:1      | Reached XP level 2. HP: 26/26 MP: 1/1
   525 | D:1      | Fleeing towards (3,-1) corridor
   529 | D:1      | Reached skill level 4 in Axes
   740 | D:1      | Reached XP level 3. HP: 31/31 MP: 2/2
   868 | D:1      | TESTING POTIONS
   889 | D:1      | TESTING POTIONS
   890 | D:1      | TESTING POTIONS
   891 | D:1      | TESTING SCROLLS
   892 | D:1      | TESTING SCROLLS
   893 | D:1      | TESTING SCROLLS
   894 | D:1      | TESTING SCROLLS
   895 | D:1      | Dropping junk: 2 scrolls of blinking
   915 | D:2      | Found a snail-covered altar of Cheibriados.
   916 | D:2      | Found an ancient bone altar of Kikubaaqudgha.
   918 | D:2      | Found a glowing golden altar of the Shining One.
   924 | D:2      | Became a worshipper of Cheibriados the Contemplative
   955 | D:2      | Reached skill level 5 in Axes
  1088 | D:2      | Reached XP level 4. HP: 37/39 MP: 2/2
  1384 | D:2      | Noticed Sigmund
  1389 | D:2      | Invisible monster
  1398 | D:2      | HP: 1/39 [something (2)]
  1399 | D:2      | Killed from afar by Sigmund

Action                   |  1- 3 |  4- 6 || total
-------------------------+-------+-------++-------
Melee: War axe           |   100 |    23 ||   123
  Use: Scroll            |     4 |       ||     4
       Potion            |     3 |       ||     3

Vault maps used:
D:1:      dpeg_arrival_subterranean_lakeside_camping
D:2:      grunt_temple_overflow_open, first_bread, uniq_sigmund
